 Dungeon Crawl Stone Soup version 0.29.0-13-gc9e81de378 (webtiles) character file.

Game seed: 12664632602861450818

322 freelancePsychic the Shield-Bearer (level 7, -3/60 HPs)
             Began as a Meteoran Fighter on Sept 11, 2022.
             Slain by a wight
             ... wielding a +0 flail
              (10 damage)
             ... on level 5 of the Dungeon.
             The game lasted 00:06:56 (847 turns).

freelancePsychic the Shield-Bearer (MeFi)            Turns: 847, Time: 00:06:56

Health: -3/60      AC:  7    Str: 19    XL:     7   Next: 5%
Magic:  8/8        EV:  9    Int:  9    God:
Gold:   74         SH:  5    Dex: 15    Spells: 6/6 levels left

rFire   . . .      SeeInvis .   a - +0 war axe
rCold   . . .      Faith    .   c - +0 buckler
rNeg    . . .      Spirit   .   b - +0 scale mail
rPois   .          Reflect  .   (no helmet)
rElec   .          Harm     .   (no cloak)
rCorr   .          Rampage  .   (no gloves)
Will    .....                   (no boots)
Stlth   ..........              (no amulet)
HPRegen 0.20/turn               (no ring)
MPRegen 0.11/turn               (no ring)

@: mighty, marked, weakened, glowing
A: sense surroundings 1, otherworldly, glowing, explore regen
a: no special abilities


You were on level 5 of the Dungeon.
You visited 1 branch of the dungeon, and saw 5 of its levels.

You collected 74 gold pieces.

Inventory:

Hand Weapons
 a - a +0 war axe (weapon)
Armour
 b - a +0 scale mail (worn)
 c - a +0 buckler (worn)
Jewellery
 n - an amulet of faith
Scrolls
 h - a scroll of enchant weapon
Potions
 e - 2 potions of curing {unknown}
 f - a potion of attraction
 g - a potion of lignification
 i - a potion of flight
 j - a potion of heal wounds {unknown}
 l - 2 potions of magic {unknown}
 m - 2 potions of haste {unknown}


   Skills:
 + Level 4.8 Fighting
 + Level 4.4 Axes
 + Level 5.2 Armour
 + Level 5.2 Shields


You had 6 spell levels left.
You didn't know any spells.
Your spell library contained the following spells:

 Spells                   Type           Power      Damage    Failure   Level
 Ensorcelled Hibernation  Hex/Ice        0%         N/A       92%         2
 Passwall                 Tmut/Erth      0%         N/A       92%         2
 Swiftness                Air            0%         N/A       99%         3


Dungeon Overview and Level Annotations

Branches:
Dungeon (5/15) Zot: 2084
 Temple: D:4-7

Altars:
Nemelex Xobeh


Innate Abilities, Weirdness & Mutations

You passively map a small area around you.
You are easily found by Zot.
You glow in the dark.
You regain HP and MP as you explore.


Message History

You feel sick. You block the adder's attack.
A gnoll comes into view.
It is wielding a +0 whip of electrocution.
The adder bites you but does no damage.
You closely miss the adder.
The adder is severely wounded.
You slash the jelly!
Your hands burn!
You feel sick.
The gnoll bouda barks out a call to the hunt!
The gnolls pick up the pace!
An orc comes into view. It is wielding a +0 short sword.
The jelly hits you but does no damage. The adder bites you.
The jelly attacks as you move away! You block the jelly's attack.
You feel sick.
You are no longer poisoned.
The adder barely misses you.
A gnoll comes into view. It is wielding a +0 flail.
The gnoll hits you from afar with a +0 spear.
The adder closely misses you.
You slash the gnoll bouda!
The gnoll bouda is heavily wounded.
You hit the jelly.
Your hands burn!
* * * LOW HITPOINT WARNING * * *
You hit the adder. You block the gnoll bouda's attack.
An orc priest comes into view. It is wielding a +0 short sword.
A gnoll comes into view. It is wielding a +0 whip.
The jelly hits you but does no damage.
The gnoll hits you from afar with a +0 spear!
* * * LOW HITPOINT WARNING * * *
The adder bites you but does no damage. The phantom hits you.
* * * LOW HITPOINT WARNING * * *
The phantom blinks!
You blink.
An orc and 2 wights come into view.
Found 4 gold pieces.
The jelly closely misses you.
You hit the phantom.
The phantom is moderately damaged.
You barely miss the wight. You hit the jelly.
You kill the jelly!
A phantom comes into view.
A wight comes into view. It is wielding a +0 hand axe.
The wight hits you with a +0 flail!
You die...

, ,, ##.......$....# ,
##.............# ,
##............z.# * .
................# ..
...............##.
#..##............z#..
#................z.$.,
#........@W.o.o.o..
#........Sz......###,
*
##....#.ggg.....##.#.
# #....#..g.......>...
.##
#....###.†...†.......
#... #..#.*
#.###....W.........
#####* ###
#.gg........... #*
#.............. #.*
#............<.


You could see 2 phantoms, a gnoll bouda, 4 wights, an orc priest, 5 gnolls, an
adder and 2 orcs.

Vanquished Creatures
  A phantom (D:5)
  2 scorpions (D:5)
  A jelly (D:5)
  An orc wizard (D:5)
  2 adders
  A worm (D:5)
  3 dart slugs
  8 orcs
  5 endoplasms
  A giant cockroach (D:1)
  2 goblins
  3 hobgoblins
  9 jackals (D:2)
  2 quokkas
  3 ball pythons
  6 bats
  A frilled lizard (D:3)
  3 kobolds (D:2)
  2 rats (D:2)
56 creatures vanquished.

Vanquished Creatures (others)
  An orc wizard (D:3)
  2 plants (D:2)
3 creatures vanquished.

Grand Total: 59 creatures vanquished

Notes
Turn   | Place    | Note
-------+----------+-------------------------------------------
     0 | D:1      | freelancePsychic the Meteoran Fighter began the quest for
                  | the Orb.
     0 | D:1      | Reached XP level 1. HP: 19/19 MP: 2/2
   104 | D:1      | Reached XP level 2. HP: 25/26 MP: 3/3
   214 | D:1      | Reached XP level 3. HP: 29/31 MP: 4/4
   300 | D:2      | Found a sparkling altar of Nemelex Xobeh.
   392 | D:3      | Reached XP level 4. HP: 27/40 MP: 5/5
   490 | D:3      | Reached XP level 5. HP: 40/46 MP: 6/6
   709 | D:5      | Entered Level 5 of the Dungeon
   820 | D:5      | Reached XP level 6. HP: 52/53 MP: 7/7
   830 | D:5      | Reached skill level 5 in Armour
   830 | D:5      | Reached skill level 5 in Shields
   834 | D:5      | Reached XP level 7. HP: 49/60 MP: 8/8
   847 | D:5      | Slain by a wight

Illustrated notes

Levels and vault maps discovered:
D:1:      dpeg_arrival_chambers_temple_mockup, layout_basic, minmay_hexomino_f4
D:2:      cheibrodos_greedy_goblins, layout_loops_cross,
          dilly_ecumenical_altar_fadedgnrine, basic_altar
D:3:      layout_basic, grunt_ministairs_10
D:4:      layout_basic, kennysheep_nub, uniq_duvessa
D:5:      layout_cave_pools

Skill      XL: |  1  2  3  4  5  6 |
---------------+-------------------+-----
Armour         | 4 5 |  5.2
Shields        | 4 5 |  5.2
Axes           | 3 4 |  4.4
Fighting       | 4 |  4.8

Action                   |  1- 3 |  4- 6 |  7- 9 || total
-------------------------+-------+-------+-------++-------
Melee: War axe           |    73 |    94 |    11 ||   178
  Use: Scroll            |     5 |     3 |       ||     8
       Potion            |       |     1 |       ||     1
Armor: Scale mail        |    40 |    69 |     5 ||   114
Dodge: Dodged            |    25 |    28 |     8 ||    61
Block: Buckler           |    20 |    26 |     5 ||    51
